 Dungeon Crawl Stone Soup version 0.28.0-45-g0d030f2227 (webtiles) character file.

Game seed: 600508926609114913

5568 MisterFreud the Basher (level 10, -7/87 HPs)
             Began as a Palentonga Fighter on Mar 31, 2022.
             Was a High Priest of Okawaru.
             Mangled by a two-headed ogre
             ... wielding a +0 giant club
              (26 damage)
             ... on level 9 of the Dungeon.
             The game lasted 00:10:59 (10846 turns).

MisterFreud the Basher (Palentonga Fighter)        Turns: 10846, Time: 00:10:59

Health: -7/87      AC: 15    Str: 24    XL:     10   Next: 44%
Magic:  13/13      EV:  7    Int:  8    God:    Okawaru [*****.]
Gold:   464        SH:  5    Dex: 10    Spells: 9/9 levels left

rFire   . . .      SeeInvis +   j - +1 whip (drain)
rCold   . . .      Faith    .   c - +1 buckler
rNeg    . . .      Spirit   .   b - +0 scale mail
rPois   .          Reflect  .   (no helmet)
rElec   .          Harm     .   v - +0 cloak
rCorr   .          Rampage  .   (no gloves)
Will    .....                   (no barding)
Stlth   ..........              (no amulet)
HPRegen 0.24/turn               (no ring)
MPRegen 0.13/turn               (no ring)

@: curled up
A: large, rugged brown scales 3, see invisible, deformed body, roll 1, armoured
tail, reflexive curl
a: Rolling Charge, Renounce Religion, Heroism, Finesse, Duel


You were on level 9 of the Dungeon.
You worshipped Okawaru.
Okawaru was extremely pleased with you.
You visited 1 branch of the dungeon, and saw 9 of its levels.

You collected 464 gold pieces.

Inventory:

Hand Weapons
 a - a +0 flail
 j - a +1 whip of draining (weapon)
 L - a +0 morningstar
Missiles
 k - 16 poisoned darts
 t - 2 throwing nets
 B - 7 boomerangs
Armour
 b - a +0 scale mail (worn)
 c - a +1 buckler (worn)
 v - a +0 cloak (worn)
 A - a +1 plate armour of poison resistance
Jewellery
 i - a +6 ring of intelligence
 y - a ring of magical power
 G - an amulet of magic regeneration
Wands
 z - a wand of mindburst (7)
 E - a wand of digging (2)
 I - a wand of polymorph (10)
Scrolls
 e - a scroll of fog {unknown}
 f - a scroll of amnesia {unknown}
 g - a scroll of silence {unknown}
 h - a scroll of fear {unknown}
 l - 5 scrolls of identify
 p - 2 scrolls of blinking
 q - a scroll of teleportation
 x - a scroll of immolation
 C - a scroll of enchant weapon {unknown}
 F - 2 scrolls of enchant armour
 J - a scroll of torment
 M - a scroll of holy word {unknown}
Potions
 d - 3 potions of might
 m - a potion of mutation
 n - a potion of berserk rage
 o - a potion of brilliance {unknown}
 r - 2 potions of haste
 s - a potion of lignification
 u - 2 potions of flight
 w - 2 potions of curing
 D - a potion of resistance
 H - a potion of ambrosia
 K - a potion of attraction {unknown}


   Skills:
 + Level 8.4 Fighting
 + Level 11.5 Maces & Flails
 - Level 6.0 Armour
 - Level 2.4 Shields
 - Level 4.0 Invocations


You had 9 spell levels left.
You didn't know any spells.
Your spell library contained the following spells:

 Spells                   Type           Power      Damage    Failure   Level
 Magic Dart               Conj           0%         1d3       77%         1
 Static Discharge         Conj/Air       0%         N/A       88%         2
 Confusing Touch          Hex            0%         N/A       98%         3
 Mephitic Cloud           Conj/Pois/Air  0%         N/A       98%         3
 Ozocubu's Armour         Ice            0%         N/A       98%         3
 Dispel Undead            Necr           0%         3d6       100%        4
 Sticky Flame             Conj/Fire      0%         2d3       100%        4
 Metabolic Englaciation   Hex/Ice        0%         N/A       100%        5
 Yara's Violent Unravell  Hex/Tmut       0%         3d3       100%        5
 Enfeeble                 Hex            0%         N/A       100%        7
 Call Imp                 Summ           Unusable   N/A       N/A         2
 Simulacrum               Ice/Necr       Unusable   N/A       N/A         6

Dungeon Overview and Level Annotations

Branches:
Dungeon (9/15)             Temple (0/1) D:7            Lair (0/6) D:8
    Orc: D:9-12

Altars:
Elyvilon
Gozag
Hepliaklqana
Nemelex Xobeh
Okawaru
Qazlal
Sif Muna
Vehumet
Xom
The Shining One

Shops:
D:9 =

Annotations:
D:3 exclusion: statue


Innate Abilities, Weirdness & Mutations

You are completely covered in rugged brown scales. (AC +3, +7% HP)
You have supernaturally acute eyesight. (SInv)
Armour fits poorly on your strangely shaped body.
You can roll at nearby foes to attack.
You have a long armoured tail.
You curl defensively after being hit. (AC +7*)


Message History

You kill the gnoll!
Okawaru accepts your kill.
You closely miss the gnoll. The gnoll hits you with a +0 whip.
The gnoll closely misses you.
You barely miss the gnoll.
Your tail-slap misses the gnoll.
The gnoll barely misses you.
You completely miss the gnoll.
The gnoll hits you from afar with a +0 spear.
You hit the gnoll. You drain the gnoll.
The gnoll is severely wounded.
The gnoll hits you with a +0 whip.
You hit the gnoll.
You kill the gnoll!
Okawaru accepts your kill.
The gnoll hits you from afar with a +0 spear.
There is an entrance to Wumuvy's Jewellery Shoppe here.
Roll where?
Press: ? - help, Dir - move target, f - two-headed ogre
Aim: a two-headed ogre, wielding two +0 giant clubs You roll forward with a clatter of scales!
You barely miss the two-headed ogre. The two-headed ogre closely misses you.
The two-headed ogre hits you with a +0 giant club!!
The gnoll hits you from afar with a +0 spear.
You hit the two-headed ogre but do no damage.
You drain the two-headed ogre.
The two-headed ogre is lightly wounded.
The gnoll hits you from afar with a +0 spear.
You hit the two-headed ogre. You drain the two-headed ogre.
The two-headed ogre is lightly wounded.
The two-headed ogre closely misses you.
The two-headed ogre hits you with a +0 giant club!
* * * LOW HITPOINT WARNING * * *
You hit the two-headed ogre. You drain the two-headed ogre.
The two-headed ogre is heavily wounded.
The gnoll hits you from afar with a +0 spear.
* * * LOW HITPOINT WARNING * * *
You hit the two-headed ogre. You tail-slap the two-headed ogre.
The two-headed ogre is heavily wounded.
The two-headed ogre hits you with a +0 giant club!!
You die...

#.#####...#)######.#
#.# ##.##.#### .#
#.# ##........# # ##
#.# #..#..#.### #.
#.# #.##.##.# . #.#
#..#..#.### # #.#
#......g..# # #.#
#.#.#.O...# #.
#.####.#.#.@####
.... #..........°..#
#..# ######.....°..#
#.... #..###.°..# ##
..#.# #..# #...###
.. #. # #..###.....#
.### #
#..........##....# .
#.##.#####)..# ..#
#.##.# #..##..# ..#


You could see a two-headed ogre (drained) and a gnoll.

Vanquished Creatures
  A cyclops (D:7)
  Maurice (D:8)
  Sigmund (D:4)
  A wyvern (D:8)
  Edmund (D:4)
  3 wargs
  Duvessa (D:4)
  An acid dragon (D:9)
  3 water moccasins
  4 orc warriors
  3 sky beasts
  A necrophage (D:5)
  6 ogres
  A centaur (D:9)
  A phantom (D:5)
  A kobold brigand (D:9)
  4 bullfrogs
  A scorpion (D:5)
  Dowan (D:4)
  A water moccasin skeleton (D:4)
  8 killer bees
  3 howler monkeys
  A jelly (D:8)
  2 centaur zombies
  3 hounds
  2 bullfrog skeletons
  Crazy Yiuf (D:3)
  A gnoll shaman (D:9)
  7 orc priests
  3 iguanas
  8 orc wizards
  4 killer bee zombies
  Robin (D:2)
  2 howler monkey skeletons
  10 adders
  6 gnolls
  5 dart slugs
  2 worms (D:2)
  39 orcs
  9 ball pythons
  6 bats
  3 endoplasms
  6 giant cockroaches
  20 goblins
  9 hobgoblins
  2 quokkas
  3 frilled lizards
  7 kobolds
  5 rats
215 creatures vanquished.

Vanquished Creatures (others)
  A plant (D:8)
1 creature vanquished.

Grand Total: 216 creatures vanquished

Notes
Turn   | Place    | Note
-------+----------+-------------------------------------------
     0 | D:1      | MisterFreud the Palentonga Fighter began the quest for the
                  | Orb.
     0 | D:1      | Reached XP level 1. HP: 19/19 MP: 1/1
   468 | D:1      | Reached XP level 2. HP: 21/25 MP: 2/2
   473 | D:1      | Reached skill level 3 in Maces & Flails
   899 | D:2      | Reached XP level 3. HP: 31/31 MP: 3/3
  1031 | D:2      | Found a faded altar of an unknown god.
  1102 | D:2      | Reached skill level 4 in Maces & Flails
  1140 | D:2      | Noticed Robin
  1200 | D:2      | Killed Robin
  1201 | D:2      | Reached XP level 4. HP: 24/37 MP: 4/4
  1817 | D:2      | Reached skill level 5 in Maces & Flails
  1980 | D:3      | Noticed a sky beast
  1986 | D:3      | Found an iron altar of Okawaru.
  2009 | D:3      | Became a worshipper of Warmaster Okawaru
  2072 | D:3      | Reached XP level 5. HP: 42/43 MP: 5/5
  2116 | D:3      | Killed a sky beast
  2336 | D:3      | Reached XP level 6. HP: 39/45 MP: 7/7
  2402 | D:3      | Found a shimmering blue altar of Sif Muna.
  2663 | D:3      | Found a runed translucent door.
  2664 | D:3      | Noticed Crazy Yiuf
  2808 | D:3      | Found a radiant altar of Vehumet.
  2905 | D:3      | Killed Crazy Yiuf
  3115 | D:4      | Noticed Sigmund
  3116 | D:4      | Found a white marble altar of Elyvilon.
  3122 | D:4      | Killed Sigmund
  3122 | D:4      | Reached * piety under Okawaru
  3123 | D:4      | Reached skill level 6 in Maces & Flails
  3403 | D:4      | Noticed Edmund
  3404 | D:4      | Gained mutation: You curl defensively after being hit. (AC
                  | +7*) [Palentonga growth]
  3404 | D:4      | Reached XP level 7. HP: 55/55 MP: 10/10
  3434 | D:4      | Killed Edmund
  3434 | D:4      | Reached ** piety under Okawaru
  3435 | D:4      | Reached skill level 7 in Maces & Flails
  4091 | D:4      | Noticed Duvessa
  4107 | D:4      | Killed Duvessa
  4108 | D:4      | Reached skill level 8 in Maces & Flails
  4109 | D:4      | Noticed Dowan
  4113 | D:4      | Killed Dowan
  4208 | D:4      | Reached XP level 8. HP: 45/62 MP: 11/11
  4637 | D:5      | Entered Level 5 of the Dungeon
  4656 | D:5      | Reached skill level 9 in Maces & Flails
  4919 | D:5      | Found a glowing golden altar of the Shining One.
  5756 | D:6      | Reached skill level 10 in Maces & Flails
  5976 | D:6      | Reached *** piety under Okawaru
  6176 | D:6      | Reached skill level 5 in Fighting
  6740 | D:6      | Found a hazy altar of Hepliaklqana.
  6981 | D:7      | Found a staircase to the Ecumenical Temple.
  6987 | D:7      | Reached XP level 9. HP: 52/73 MP: 12/12
  7040 | D:7      | Noticed a cyclops
  7068 | D:7      | Killed a cyclops
  7388 | D:7      | Reached skill level 5 in Armour
  7917 | D:7      | Reached **** piety under Okawaru
  8365 | D:7      | Found a stormy altar of Qazlal.
  8365 | D:7      | Found an opulent altar of Gozag.
  8650 | D:8      | Noticed Maurice
  8679 | D:8      | Killed Maurice
  8847 | D:8      | Reached XP level 10. HP: 78/84 MP: 13/13
  8959 | D:8      | Reached ***** piety under Okawaru
  9137 | D:8      | Found a shimmering altar of Xom.
  9287 | D:8      | Reached skill level 11 in Maces & Flails
  9549 | D:8      | Found a staircase to the Lair.
  9972 | D:9      | Found a sparkling altar of Nemelex Xobeh.
 10585 | D:9      | Found Wumuvy's Jewellery Shoppe.
 10766 | D:9      | Noticed a two-headed ogre
 10846 | D:9      | Mangled by a two-headed ogre

Illustrated notes

Levels and vault maps discovered:
D:1:      eino_arrival_druids_welcome, layout_basic
D:2:      layout_basic, chequers_ecumenical_altar_simple_redux,
          minmay_three_crescents, uniq_robin
D:3:      layout_basic, lemuel_tele_altar, vehumet_statue,
          mainiacjoe_overflow_surrounded_room, chequers_serial_rivers_room_a,
          uniq_crazy_yiuf_cottage
D:4:      layout_loops_corners, mainiacjoe_overflow_paths, uniq_duvessa,
          uniq_edmund, uniq_sigmund
D:5:      layout_basic, tso_altar
D:6:      layout_basic, nzn_hepliaklqana_mist_gate, nicolae_figureground_sparkle
D:7:      layout_basic, gammafunk_temple_overflow_statue,
          minmay_temple_entry_drinking_statues
D:8:      layout_basic, kennysheep_mini_moat, erik_lair_orcish_takeover,
          uniq_maurice
D:9:      layout_loops_ring, nemelex_xobeh_ov_fountains_minmay, erik_orc_3,
          serial_shops, shop_coins

Skill      XL: |  1  2  3  4  5  6  7  8  9 10 |
---------------+-------------------------------+-----
Maces & Flails | 3 4 5 6 8 10 11 | 11.5
Invocations    | 2 4 |  4.0
Fighting       | 6 7 8 |  8.4
Armour         | 6 |  6.0
Shields        | |  2.4

Action                   |  1- 3 |  4- 6 |  7- 9 | 10-12 || total
-------------------------+-------+-------+-------+-------++-------
Melee: Flail             |    87 |       |       |       ||    87
       Tailslap          |    11 |    26 |    63 |    28 ||   128
       Whip              |    31 |   187 |   452 |   208 ||   878
Invok: Heroism           |       |       |     1 |       ||     1
 Abil: Rolling Charge    |     8 |     5 |    17 |     3 ||    33
  Use: Scroll            |       |       |    11 |     2 ||    13
       Potion            |       |       |     2 |       ||     2
Armor: Scale mail        |    61 |    92 |   130 |    61 ||   344
Dodge: Dodged            |    41 |    50 |   102 |    50 ||   243
Block: Buckler           |    17 |    26 |    43 |    22 ||   108
